 Dungeon Crawl Stone Soup version 0.18.1-48-g4cf74bf (webtiles) character file.

2240 Redvolver the Grappler (level 9, -2/88 HPs)
             Began as a Troll Fighter on Aug 2, 2016.
             Was an Initiate of Makhleb.
             Shot with an arrow by a centaur (12 damage)
             ... on level 6 of the Dungeon.
             The game lasted 00:09:22 (4202 turns).

Redvolver the Grappler (Troll Fighter)              Turns: 4202, Time: 00:09:23

Health: -2/88      AC:  5    Str: 26    XL:     9   Next: 14%
Magic:  17/17      EV: 11    Int:  4    God:    Makhleb [......]
Gold:   307        SH: 10    Dex: 12    Spells: 0 memorised, 8 levels left

rFire  . . .     SeeInvis .       - Unarmed
rCold  . . .     Gourm    +     a - +0 robe
rNeg   . . .     Faith    .     b - +0 shield
rPois  .         Spirit   .     (helmet restricted)
rElec  .         Dismiss  .     (no cloak)
rCorr  .         Reflect  .     (gloves unavailable)
SustAt .         Harm     .     (boots unavailable)
MR     .....                    (no amulet)
Stlth  +.........               r - ring of magical power
                                g - +1 ring of evasion

@: not resistant to hostile enchantments, very unstealthy
A: unfitting armour, claws 3, fast metabolism 3, gourmand, regeneration 2,
shaggy fur 1, tough skin 2
a: Renounce Religion


You were on level 6 of the Dungeon.
You worshipped Makhleb.
Makhleb was noncommittal.
You were very full.

You visited 2 branches of the dungeon, and saw 7 of its levels.

You collected 307 gold pieces.

Inventory:

Armour
 a - a +0 robe (worn)
 b - a +0 shield (worn)
Jewellery
 g - a +1 ring of evasion (left claw)
 r - a ring of magical power (right claw)
Wands
 e - a wand of iceblast (6/15)
Scrolls
 h - a scroll of magic mapping
 m - 3 scrolls of identify
 n - 3 scrolls of remove curse
 q - a scroll of teleportation
 s - a scroll of fog
 u - a scroll of enchant weapon {unknown}
Potions
 f - a potion of magic
 i - a potion of cancellation
 j - a potion of berserk rage
 k - 3 potions of flight
 o - 3 potions of curing
Books
 p - a book of Debilitation

   Spells                             Type                      Level
   a - Corona                         Hexes                        1
   b - Slow                           Hexes                        2
   c - Gell's Gravitas                Hexes/Translocation          3
   d - Inner Flame                    Hexes/Fire                   3
   e - Cause Fear                     Hexes                        4
   f - Leda's Liquefaction            Hexes/Earth                  4
Comestibles
 c - 2 slices of pizza
 d - 5 bread rations
 l - 3 meat rations
 v - a beef jerky


   Skills:
 + Level 5.1 Fighting
 + Level 5.1 Dodging
 + Level 5.0 Shields
 * Level 8.1 Unarmed Combat


You had 8 spell levels left.
You didn't know any spells.

Dungeon Overview and Level Annotations

Branches:
Dungeon (6/15)             Temple (1/1) D:6

Altars:
Ashenzari
Cheibriados
Dithmenos
Fedhas
Kikubaaqudgha
Makhleb
Nemelex Xobeh
Okawaru
Pakellas
Ru
Trog
Vehumet
Xom
Yredelemnul
The Shining One
Lugonu


Innate Abilities, Weirdness & Mutations

You are too large for most types of armour.
You have claws for hands.
Your metabolism is lightning-fast.
You like to eat raw meat.
You heal very quickly.
You are covered in fur (AC +1).
You have very tough skin (AC +2).


Message History

You see here an arrow.
The centaur shoots an arrow.
The arrow hits you.
* * * LOW HITPOINT WARNING * * *
The centaur shoots an arrow.
You block the arrow.
Something barely misses the freed slave.
Something bites the freed slave but does no damage.
The freed slave hits something.
The centaur shoots an arrow.
The arrow hits you.
* * * LOW HITPOINT WARNING * * *
You see here 2 arrows.
Something misses the freed slave.
Something closely misses the freed slave.
The centaur shoots an arrow.
You block the arrow.
The freed slave hits something!
The centaur shoots an arrow.
The arrow hits you!!
* * * LOW HITPOINT WARNING * * *
Something hits the freed slave.
You see here an arrow.
The centaur shoots an arrow.
The arrow hits you!
You die...

.......#p## #######.......
.......(h.####.# #..........###
.......((......# #..........'..
.######.#.########.#..........###
#.#.pc)((c.#.#..........#
#.#..#####(#(#..........# c.#..#
#.#.########.##### .....# #.#.#
#.....# #.. #####.# #@#.# #.#####
#.# #.# #p#.# #.# #.# #.#
##.#.####.# #.# #.# #.........#
#.# #.#.####### #.# #.._..####
#.# ###.#....# #.# #...##.# #.#
######.########.#


You could see a centaur and a neutral freed slave (wandering).

Vanquished Creatures
  Pikel (D:6)
  Menkaure (D:4)
  Edmund (D:5)
  An ice beast (D:6)
  2 sky beasts
  3 centaurs
  An ogre (D:6)
  Blork the orc (D:4)
  2 scorpions
  3 howler monkeys
  2 jellies
  A crimson imp (D:6)
  A centaur zombie (D:6)
  6 hounds
  A giant frog skeleton (D:5)
  2 orc wizards
  3 worker ants
  A hound zombie (D:5)
  A howler monkey zombie (D:5)
  3 gnolls (D:6)
  7 adders
  2 shadow imps
  An ooze (D:4)
  An adder skeleton (D:4)
  4 worms
  2 giant geckos
  2 orcs (D:4)
  2 ball pythons (D:5)
  4 bats
  6 giant cockroaches
  6 goblins
  6 hobgoblins
  8 jackals
  A quokka (D:4)
  A giant gecko zombie (D:5)
  3 giant newts
  A jackal skeleton (D:6)
  6 kobolds
  A quokka skeleton (D:4)
  5 rats
106 creatures vanquished.

Vanquished Creatures (others)
  A rakshasa (D:2)
  A slave (D:6)
  A howler monkey (D:6)
3 creatures vanquished.

Grand Total: 109 creatures vanquished

Notes
Turn   | Place    | Note
--------------------------------------------------------------
     0 | D:1      | Redvolver the Troll Fighter began the quest for the Orb.
     0 | D:1      | Reached XP level 1. HP: 22/22 MP: 0/0
   275 | D:1      | Reached XP level 2. HP: 24/29 MP: 1/1
   533 | D:2      | Found a faded altar to an unknown god.
   621 | D:2      | Reached XP level 3. HP: 26/36 MP: 2/2
   778 | D:2      | Reached skill level 3 in Unarmed Combat
   800 | D:2      | Found a sacrificial altar of Ru.
   816 | D:2      | Reached XP level 4. HP: 44/44 MP: 3/3
  1004 | D:2      | Found an oddly glowing altar of Pakellas.
  1004 | D:2      | Noticed a rakshasa
  1015 | D:2      | Killed a rakshasa
  1137 | D:2      | Found a shattered altar of Ashenzari.
  2071 | D:4      | Noticed Blork the orc
  2086 | D:4      | Killed Blork the orc
  2086 | D:4      | Reached XP level 5. HP: 29/53 MP: 4/4
  2182 | D:4      | Reached skill level 4 in Unarmed Combat
  2339 | D:4      | Noticed Menkaure
  2346 | D:4      | Killed Menkaure
  2346 | D:4      | Reached XP level 6. HP: 11/61 MP: 5/5
  2508 | D:4      | Reached skill level 5 in Unarmed Combat
  2756 | D:4      | Reached XP level 7. HP: 53/67 MP: 6/6
  2913 | D:5      | Entered Level 5 of the Dungeon
  3040 | D:5      | Noticed Edmund
  3107 | D:5      | Killed Edmund
  3107 | D:5      | Reached skill level 6 in Unarmed Combat
  3110 | D:5      | Reached XP level 8. HP: 27/78 MP: 7/7
  3227 | D:5      | Found a shimmering altar of Xom.
  3526 | D:6      | Reached skill level 7 in Unarmed Combat
  3780 | D:6      | Found an ancient bone altar of Kikubaaqudgha.
  3882 | D:6      | Found a radiant altar of Vehumet.
  4036 | D:6      | Found a staircase to the Ecumenical Temple.
  4043 | Temple   | Entered the Ecumenical Temple
  4075 | Temple   | Became a worshipper of Makhleb the Destroyer
  4167 | D:6      | Noticed Pikel
  4192 | D:6      | Killed Pikel
  4192 | D:6      | Reached skill level 5 in Fighting
  4192 | D:6      | Reached skill level 5 in Dodging
  4192 | D:6      | Reached skill level 5 in Shields
  4192 | D:6      | Reached skill level 8 in Unarmed Combat
  4192 | D:6      | Reached XP level 9. HP: 33/88 MP: 8/8
  4202 | D:6      | Shot with an arrow by a centaur

Skill      XL: |  1  2  3  4  5  6  7  8 |
---------------+-------------------------+-----
Unarmed Combat | 3 4 5 6 8 |  8.1
Fighting       | 3 4 5 |  5.1
Dodging        | 3 4 5 |  5.1
Shields        | 3 4 5 |  5.0

Action                   |  1- 3 |  4- 6 |  7- 9 || total
-------------------------+-------+-------+-------++-------
Melee: Unarmed           |    95 |   143 |   202 ||   440
  Use: Scroll            |     5 |     4 |     4 ||    13
       Potion            |       |     1 |       ||     1
  Eat: Chunk             |    12 |    19 |    12 ||    43
Armor: Robe              |    37 |    34 |    40 ||   111
Dodge: Dodged            |    31 |    54 |    63 ||   148
Block: Shield            |    29 |    70 |    80 ||   179
